 Dungeon Crawl Stone Soup version v3.33-hellcrawl (webtiles) character file.

13 Faca the Cleaver (level 10, 0/77 HPs) *CASUAL*
             Began as a Formicid Fighter on May 10, 2017.
             Slain by an electric eel (1 damage)
             ... on level 5 of the Dungeon.
             The game lasted 00:12:21 (4274 turns).

Faca the Cleaver (Formicid Fighter)                 Turns: 4274, Time: 00:12:22

Health: 0/77       AC: 17 (39%)Str: 19  XL:     10   Next: 33%
Magic:  10/10      EV:  3    Int:  8    God:
Gold:   442        SH: 11    Dex: 13    Spells: 9/9 levels left

rFire    + . .     SeeInvis +   a - +0 war axe
rCold    + . .     Faith    .   c - +0 shield
rNeg     . . .     Spirit   .   v - +0 plate armour
rPois    +         Reflect  .   (helmet unavailable)
rElec    +                      (no cloak)
rCorr    +                      l - +0 pair of gloves
MR       +....                  (no boots)
Stlth    ..........             (no amulet)
Regen    0.3/turn               j - +3 ring of strength
MPRegen  0.2/turn               n - +3 ring of protection

@: resistant, constricted
A: permanent stasis, dig shafts and tunnels, four strong arms, antennae 3,
deterioration 1, poison resistance, weak
a: Dig, Shaft Self


You were on level 5 of the Dungeon.
You were not hungry.

You visited 1 branch of the dungeon, and saw 5 of its levels.

You collected 442 gold pieces.

Inventory:

Hand Weapons
 a - a +0 war axe (weapon)
 p - a +4 flail of protection
Missiles
 e - 1050 stones
 h - 229 poisoned darts (quivered)
Armour
 c - a +0 shield (worn)
 l - a +0 pair of gloves (worn)
 v - a +0 plate armour (worn)
Jewellery
 j - a +3 ring of strength (left hand)
 n - a +3 ring of protection (right hand)
Wands
 g - a wand of digging (7)
 q - a wand of polymorph (10)
 t - a wand of flame (10)
Scrolls
 k - 3 scrolls of enchant weapon
 o - 2 scrolls of magic mapping
Potions
 d - a potion of cancellation
 f - 2 potions of curing
 i - 2 potions of invisibility
 m - a potion of flight
 r - 2 potions of lignification
 u - a potion of brilliance


   Skills:
 + Level 6.6 Fighting
 + Level 10.1 Axes
 + Level 0.2 Throwing
 + Level 7.3 Armour
 - Level 1.0 Dodging
 + Level 2.1 Stealth
 + Level 7.8 Shields


You had 9 spell levels left.
You didn't know any spells.

Dungeon Overview and Level Annotations

Branches:
Dungeon (5/15)

Altars:
Cheibriados
Dithmenos
Elyvilon
Hepliaklqana
Kikubaaqudgha
Makhleb
Trog
Vehumet
Zin


Innate Abilities, Weirdness & Mutations

You are under a permanent stasis effect.
You can dig through walls and to a lower floor.
Your four strong arms can wield two-handed weapons with a shield.
You have a pair of large antennae on your head. (SInv)
Your body sometimes deteriorates upon taking damage.
Your system is resistant to poisons. (rPois)
You are weak. (Str -5)


Message History

The electric eel constricts you (2).
You slash the electric eel (16)!
You kill the electric eel!
You closely miss the electric eel. The electric eel grabs you.
* * * LOW HITPOINT WARNING * * *
The electric eel constricts you (1).
Unknown command.
You barely miss the electric eel.
The electric eel is moderately wounded.
The electric eel shoots out a bolt of lightning at you!
The bolt of electricity hits you! You resist.
That hurt (3)!
* * * LOW HITPOINT WARNING * * *
x2 The electric eel constricts you (7)!
You hit the electric eel (1).
The electric eel is moderately wounded.
* * * LOW HITPOINT WARNING * * *
The electric eel constricts you (3).
You hit the electric eel (4).
The electric eel is heavily wounded.
You die...

# #. ######...# #### ..
.{!$≈##'## ...# .# ..P≈≈≈#.#
##.### .# ..≈!.;#.# .....####
##≈# {≈..≈;#≈# ........# #≈≈#
.{≈){##≈# ##.#)##.#########≈#
########≈### ##.#)##........#†;#
.≈..{##≈##.#
##.#.###########@#';.P./≈≈#≈##.#
#.#.##...# #.#....;≈≈;#.##.#
##.#.##...### #≈#...≈P(≈≈#.##.##
.#.#........# #≈##..≈!.≈##.#....
...#...[....# ##)########.##..##
.####.......# ##....≈≈≈≈##.###
.# ###...### ###########.#
.######...# #.# .....)...## #.#


You could see an electric eel.

Vanquished Creatures
  Pikel (D:4)
  A wraith (D:5)
  Eustachio (D:4)
  Duvessa (D:4)
  An ogre (D:5)
  A centaur (D:5)
  Blork the orc (D:4)
  Dowan (D:4)
  2 scorpions (D:5)
  3 howler monkeys
  2 electric eels (D:5)
  2 hounds (D:4)
  An orc priest (D:4)
  3 orc wizards
  2 worker ants (D:4)
  Terence (D:2)
  2 iguanas
  6 adders
  An ooze (D:5)
  A dart slug (D:2)
  10 orcs
  5 quokkas
  8 bats
  4 giant cockroaches
  11 hobgoblins
  9 jackals
  A ball python (D:2)
  A ball python skeleton (D:4)
  6 frilled lizards
  5 goblins
  9 kobolds
  7 rats
110 creatures vanquished.

Vanquished Creatures (others)
  Grinder (D:4)
  4 plants (D:5)
5 creatures vanquished.

Grand Total: 115 creatures vanquished

Notes
Turn   | Place    | Note
-------+----------+-------------------------------------------
     0 | D:1      | Faca the Formicid Fighter began the quest for the Orb.
     0 | D:1      | Reached XP level 1. HP: 18/18 MP: 1/1
    10 | D:1      | Noticed an ogre
    39 | D:1      | Reached XP level 2. HP: 19/24 MP: 2/2
   223 | D:1      | Reached XP level 3. HP: 21/29 MP: 3/3
   428 | D:1      | Reached XP level 4. HP: 37/37 MP: 4/4
   537 | D:1      | Reached skill level 3 in Axes
   652 | D:2      | Noticed Terence
   661 | D:2      | Killed Terence
   661 | D:2      | Reached XP level 5. HP: 23/42 MP: 5/5
  1030 | D:2      | Found a hazy altar of Hepliaklqana.
  1093 | D:2      | Found a shadowy altar of Dithmenos.
  1210 | D:2      | Reached skill level 1 in Dodging
  1470 | D:2      | Reached XP level 6. HP: 44/48 MP: 6/6
  1556 | D:2      | Found an ancient bone altar of Kikubaaqudgha.
  1565 | D:2      | Found a glowing silver altar of Zin.
  1784 | D:3      | Reached skill level 4 in Axes
  1967 | D:3      | Reached skill level 5 in Shields
  2032 | D:3      | Found a white marble altar of Elyvilon.
  2403 | D:4      | Reached XP level 7. HP: 54/54 MP: 7/7
  2410 | D:4      | Noticed Duvessa
  2422 | D:4      | Killed Duvessa
  2422 | D:4      | Reached skill level 5 in Axes
  2442 | D:4      | Noticed Blork the orc
  2451 | D:4      | Killed Blork the orc
  2451 | D:4      | Reached skill level 6 in Axes
  2451 | D:4      | Reached skill level 5 in Armour
  2451 | D:4      | Reached XP level 8. HP: 47/61 MP: 8/8
  2527 | D:4      | Found a snail-covered altar of Cheibriados.
  2538 | D:4      | Noticed Eustachio
  2568 | D:4      | Killed Eustachio
  2689 | D:4      | Noticed Dowan
  2692 | D:4      | Noticed Pikel
  2694 | D:4      | Noticed Grinder
  2706 | D:4      | Reached skill level 5 in Fighting
  2734 | D:4      | Killed Pikel
  2734 | D:4      | Reached skill level 8 in Axes
  2734 | D:4      | Reached skill level 1 in Stealth
  2734 | D:4      | Reached XP level 9. HP: 24/68 MP: 9/9
  2737 | D:4      | Killed Dowan
  2743 | D:4      | Killed Grinder
  3003 | D:4      | Found a burning altar of Makhleb.
  3073 | D:4      | Reached skill level 9 in Axes
  3107 | D:4      | Found a radiant altar of Vehumet.
  3114 | D:4      | Found a bloodstained altar of Trog.
  3255 | D:4      | Gained mutation: You are weak. (Str -5) [potion of mutation]
  3255 | D:4      | Gained mutation: Your body sometimes deteriorates upon taking damage. [potion of mutation]
  3255 | D:4      | Gained mutation: Your system is resistant to poisons. (rPois) [potion of mutation]
  3275 | D:5      | Entered Level 5 of the Dungeon
  3418 | D:5      | Reached XP level 10. HP: 57/76 MP: 10/10
  4175 | D:5      | Reached skill level 10 in Axes
  4272 | D:5      | HP: 3/77 [electric eel (7)]
  4273 | D:5      | HP: 1/77 [electric eel (3)]
  4274 | D:5      | Slain by an electric eel

Skill      XL: |  1  2  3  4  5  6  7  8  9 10 |
---------------+-------------------------------+-----
Shields        | 4 5 7 |  7.8
Axes           | 3 4 6 8 9 10 | 10.1
Armour         | 4 5 6 7 |  7.3
Dodging        | 1 |  1.0
Fighting       | 4 5 6 |  6.6
Stealth        | 1 2 |  2.1
Throwing       | |  0.2

Action                   |  1- 3 |  4- 6 |  7- 9 | 10-12 || total
-------------------------+-------+-------+-------+-------++-------
Melee: War axe           |    73 |   147 |   147 |    81 ||   448
Throw: Poisoned dart     |       |     1 |       |       ||     1
  Use: Potion            |       |       |     2 |     1 ||     3
Armor: Scale mail        |    49 |    67 |    61 |     1 ||   178
       Plate armour      |       |       |       |    21 ||    21
Dodge: Dodged            |    27 |    54 |    49 |    14 ||   144
Block: Shield            |    49 |   101 |    76 |    31 ||   257
